AoeStats
← RoPeTT

Nomad

510348454Analyzed
4v4 RM · 20h ago on Sep 30, 2026· 32m 4s· 8 players
Game mode
Random Map
Map size
231×231
Population
200
Speed
Normal
Resources
Standard
Victory
Conquest
Starting age
Dark Age
Ending age
Imperial Age
RankedLock teamsTeams togetherTeam positionsShared explorationLock speedFull tech treeHidden civsTurbo modeCheats
Victory
Defeat
🇨🇴 Koreans · Colombia
1277
+15
🇷🇺 Spanish · Russia
1271
+15
🇷🇺 Varangians · Russia
1252
+16
🇷🇺 Hindustanis · Russia
1094
+21
🇲🇽 Khmer · Mexico
1254
-17
🇵🇹 Goths · Portugal
1244
-17
🇮🇩 Persians · Indonesia
1237
-17
1227
-16
follow the white rabbit Δ
5:40 Loom
14:56 Feudal Age
14:37 Double-Bit Axe
16:17 Fishing Lines
21:01 Castle Age
22:40 Wheelbarrow
22:24 Bow Saw
23:10 Stone Mining
23:07 Town Watch
25:09 Gillnets
27:17 Horse Collar
27:55 Hand Cart
28:29 Heavy Plow
29:07 Medium Warships
30:48 Forging
30:44 Scale Barding Armor
30:58 Gold Mining
DKing
4:48 Loom
12:23 Feudal Age
12:58 Double-Bit Axe
15:23 Fishing Lines
28:29 Castle Age
27:58 Horse Collar
30:24 Bow Saw
TempYuraa
13:17 Feudal Age
16:52 Castle Age
16:03 Double-Bit Axe
16:00 Fishing Lines
20:04 Wheelbarrow
21:19 Fletching
22:09 Loom
23:50 Hand Cart
25:55 Bow Saw
26:39 Horse Collar
32:49 Imperial Age
31:14 Gillnets
Yoalliperro
11:23 Loom
14:06 Feudal Age
14:41 Double-Bit Axe
19:55 Bloodlines
21:35 Fletching
26:00 Castle Age
24:43 Scale Barding Armor
25:21 Forging
26:18 Light Cavalry
27:59 Husbandry
28:20 Bodkin Arrow
RoPeTT
8:53 Loom
14:54 Feudal Age
15:32 Double-Bit Axe
15:37 Horse Collar
20:14 Castle Age
19:59 Wheelbarrow
20:53 Scale Barding Armor
20:59 Forging
20:39 Town Watch
21:08 Gold Mining
22:31 Bloodlines
22:21 Husbandry
WAnds | danila90r
4:02 Loom
13:44 Feudal Age
19:34 Castle Age
17:59 Double-Bit Axe
20:04 Wheelbarrow
20:47 Bow Saw
25:52 Horse Collar
31:21 Heavy Plow
34:58 Imperial Age
Puzotron
10:46 Loom
18:03 Feudal Age
25:33 Castle Age
23:33 Fletching
26:09 Bodkin Arrow
27:18 Double-Bit Axe
29:02 Ballistics
Chancellor Lizard
4:07 Loom
13:25 Feudal Age
14:24 Double-Bit Axe
18:50 Castle Age
16:42 Fishing Lines
17:47 Gold Mining
19:41 Medium Warships
22:24 Bow Saw
23:52 Clinker Construction
24:00 Gillnets
27:11 Fletching
29:16 Bodkin Arrow
32:31 Wheelbarrow
32:52 Ballistics
Connection lost

Rejoining the realm…

Still unreachable

The connection could not be restored.

Session expired

The server has moved on; the page needs a fresh start.